 Dungeon Sprint DCSS version 0.19.1 (webtiles) character file.

7077 Groucho the Fighter (level 10, -13/103 HPs)
             Began as a Minotaur Fighter on Nov 30, 2016.
             Was an Elder of Uskayaw.
             Mangled by an ettin
             ... wielding a +0 dire flail
              (38 damage)
             ... in the Dungeon (Sprint IX: "|||||||||||||||||||||||||||||").
             The game lasted 00:04:59 (1976 turns).

Groucho the Fighter (Minotaur Fighter)              Turns: 1976, Time: 00:05:00

Health: -13/103    AC: 21    Str: 23    XL:     10   Next: 84%
Magic:  9/12       EV:  9    Int:  5    God:    Uskayaw [****..]
Gold:   15         SH: 14    Dex: 14    Spells: 0 memorised, 9 levels left

rFire  . . .     SeeInvis .     q - +3 war axe (chop)
rCold  . . .     Gourm    .     r - +0 plate armour
rNeg   . . .     Faith    .     c - +0 shield
rPois  .         Spirit   .     (helmet restricted)
rElec  .         Reflect  .     y - +0 cloak
rCorr  .         Harm     .     a - +0 pair of gloves
MR     .....     NoTele   +     B - +0 pair of boots
Stlth  ..........               (no amulet)
                                s - +3 ring of dexterity
                                b - +2 ring of evasion

@: no status effects
A: retaliatory headbutt, horns 2
a: Stomp, Line Pass, Renounce Religion


You were in the Dungeon.
You worshipped Uskayaw.
Uskayaw was noncommittal.
You were not hungry.

You visited 1 branch You collected 15 gold pieces.

Inventory:

Hand Weapons
 p - a +2 morningstar of crushing
 q - a +3 war axe of chopping (weapon)
Armour
 a - a +0 pair of gloves (worn)
 c - a +0 shield (worn)
 r - a +0 plate armour (worn)
 y - a +0 cloak (worn)
 B - a +0 pair of boots (worn)
Jewellery
 b - a +2 ring of evasion (left hand)
 s - a +3 ring of dexterity (right hand)
Wands
 f - a wand of slowing (12/48)
 o - a wand of iceblast (7/15)
 C - a wand of polymorph (5/24)
Scrolls
 k - 3 scrolls of blinking
 m - 4 scrolls of remove curse
 n - 2 scrolls of amnesia
 v - a scroll of identify
 w - 2 scrolls of enchant weapon
 x - a scroll of recharging
Potions
 d - a potion of might
 e - 6 potions of curing
 h - 2 potions of haste
 i - 4 potions of magic
 j - 2 potions of berserk rage
 l - a potion of degeneration {unknown}
 u - a potion of cure mutation
Comestibles
 t - 45 fruits
 z - 12 bread rations
 A - 12 meat rations


   Skills:
 * Level 14.2 Fighting
 * Level 13.9 Axes
 * Level 14.1 Armour
 + Level 13.6 Shields
 + Level 12.0 Unarmed Combat
 * Level 4.8 Invocations


You had 9 spell levels left.
You didn't know any spells.

Dungeon Overview and Level Annotations

Branches:
Dungeon (1/1)

Altars:
Cheibriados
Dithmenos
Elyvilon
Fedhas
Gozag
Hepliaklqana
Kikubaaqudgha
Makhleb
Nemelex Xobeh
Okawaru
Qazlal
Ru
Sif Muna
Trog
Uskayaw
Vehumet
Xom
Yredelemnul
Zin
The Shining One
Beogh
Jiyva
Lugonu


Innate Abilities, Weirdness & Mutations

You reflexively headbutt those who attack you in melee.
You have a pair of horns on your head.


Message History

The orc priest is no longer sharing its pain.
You block the ettin's attack. The ettin hits you but does no damage.
The orc warrior hits you from afar with a trident!
* * * LOW HITPOINT WARNING * * *
An orc priest comes into view. It is wielding a dagger.
You feel much better.
The orc priest shouts!
The ettin hits you with a dire flail!
* * * LOW HITPOINT WARNING * * *
The ettin hits you but does no damage. You block the orc warrior's attack.
You block the ettin's attack. x2
An orc comes into view. It is wielding a short sword.
You stomp with the beat, sending a shockwave through the revelers around you!
The ettin is severely wounded.
You feel somewhat more hungry.
You can no longer merge with and destroy a victim.
You feel yourself speed up.
The orc shouts!
You block the orc warrior's attack. The ettin hits you with a dire flail!!!
You die...

▓▓▓▓▓▓▓▓▓▓▓▓▓▓▓▓▓▓▓▓▓▓
ooooooC@.............▓
▓▓▓▓▓▓▓▓▓▓▓▓▓▓▓▓▓▓▓▓▓▓▓▓▓▓▓▓▓.▓
..............................▓
▓▓▓▓▓▓▓▓▓▓▓▓▓▓▓▓▓▓▓▓▓▓▓▓▓▓▓▓▓▓▓
.......†††....(|......'.......▓
▓▓▓▓▓▓▓▓▓▓▓▓▓▓▓▓▓▓▓▓▓▓▓▓▓▓▓▓▓.▓
...)..........................▓
▓▓▓▓▓▓▓▓▓▓▓▓▓▓▓▓▓▓▓▓▓▓▓▓▓▓▓▓▓▓▓
_____________'....)).....)...<▓


You could see an ettin, 3 orc warriors, 2 orc priests and an orc.

Vanquished Creatures
  Josephine (D)
  2 centaur warriors (D)
  An orc sorcerer (D)
  Psyche (D)
  A spiny frog (D)
  2 komodo dragons (D)
  2 rime drakes (D)
  A meliai (D)
  A blink frog (D)
  A wyvern (D)
  2 yaks (D)
  3 wraiths (D)
  A warg (D)
  A water moccasin (D)
  3 porcupines (D)
  2 hell hounds (D)
  An ogre (D)
  6 wolves (D)
  4 crocodiles (D)
  A bullfrog (D)
  A howler monkey (D)
  A crimson imp (D)
  2 hounds (D)
  An orc priest (D)
  An iguana (D)
  4 orc wizards (D)
  3 worker ants (D)
  An orc (D)
  A bat skeleton (D)
  2 giant cockroaches (D)
  A hobgoblin (D)
  2 jackals (D)
  A quokka skeleton (D)
58 creatures vanquished.

Notes
Turn   | Place    | Note
-------+----------+-------------------------------------------
     0 | D        | Groucho the Minotaur Fighter began the quest for the Orb.
     0 | D        | Reached XP level 1. HP: 19/19 MP: 0/0
    21 | D        | Noticed an orc wizard
    21 | D        | Noticed an ogre
    21 | D        | Noticed a howler monkey
    21 | D        | Noticed a hound
    27 | D        | Killed a hound
    27 | D        | Reached skill level 5 in Fighting
    27 | D        | Reached skill level 5 in Armour
    27 | D        | Reached skill level 5 in Shields
    27 | D        | Reached XP level 2. HP: 25/29 MP: 1/1
    27 | D        | Reached XP level 3. HP: 32/36 MP: 2/2
    31 | D        | Reached skill level 5 in Axes
    31 | D        | Reached XP level 4. HP: 37/44 MP: 3/3
    34 | D        | Killed an ogre
    34 | D        | Reached XP level 5. HP: 44/51 MP: 4/4
   238 | D        | Found a roughly hewn altar of Beogh.
   238 | D        | Found a snail-covered altar of Cheibriados.
   238 | D        | Found a shadowy altar of Dithmenos.
   238 | D        | Found a white marble altar of Elyvilon.
   238 | D        | Found a blossoming altar of Fedhas.
   238 | D        | Found an opulent altar of Gozag.
   239 | D        | Found a hazy altar of Hepliaklqana.
   240 | D        | Found a viscous altar of Jiyva.
   241 | D        | Found an ancient bone altar of Kikubaaqudgha.
   242 | D        | Found a corrupted altar of Lugonu.
   243 | D        | Found a burning altar of Makhleb.
   244 | D        | Found a sparkling altar of Nemelex Xobeh.
   245 | D        | Found an iron altar of Okawaru.
   246 | D        | Found a stormy altar of Qazlal.
   247 | D        | Found a sacrificial altar of Ru.
   248 | D        | Found a deep blue altar of Sif Muna.
   249 | D        | Found a bloodstained altar of Trog.
   250 | D        | Found a hide-covered altar of Uskayaw.
   251 | D        | Found a radiant altar of Vehumet.
   252 | D        | Found a shimmering altar of Xom.
   253 | D        | Found a basalt altar of Yredelemnul.
   254 | D        | Found a glowing silver altar of Zin.
   255 | D        | Found a glowing golden altar of the Shining One.
   260 | D        | Became a worshipper of Uskayaw the Reveler
   305 | D        | Noticed a yak
   309 | D        | Reached skill level 5 in Unarmed Combat
   309 | D        | Reached * piety under Uskayaw
   313 | D        | Reached ** piety under Uskayaw
   318 | D        | Reached *** piety under Uskayaw
   319 | D        | Reached XP level 6. HP: 55/61 MP: 5/5
   320 | D        | Reached **** piety under Uskayaw
   322 | D        | Killed a yak
   323 | D        | Reached ***** piety under Uskayaw
   576 | D        | Noticed a meliai
   576 | D        | Noticed a centaur warrior
   576 | D        | Noticed a centaur warrior
   582 | D        | Killed a centaur warrior
   582 | D        | Reached XP level 7. HP: 56/71 MP: 6/6
   587 | D        | Reached skill level 10 in Fighting
   587 | D        | Reached skill level 10 in Armour
   587 | D        | Reached skill level 10 in Shields
   587 | D        | Killed a centaur warrior
   587 | D        | Reached skill level 10 in Axes
   587 | D        | Reached XP level 8. HP: 21/81 MP: 7/7
   593 | D        | Killed a meliai
   903 | D        | Noticed Josephine
   911 | D        | Reached XP level 9. HP: 88/89 MP: 8/8
   915 | D        | Killed Josephine
   915 | D        | Reached skill level 10 in Unarmed Combat
   984 | D        | Noticed a komodo dragon
   990 | D        | Noticed a rime drake
   991 | D        | Noticed a komodo dragon
  1000 | D        | Reached ****** piety under Uskayaw
  1001 | D        | Killed a komodo dragon
  1003 | D        | Killed a rime drake
  1003 | D        | Reached XP level 10. HP: 91/100 MP: 9/9
  1020 | D        | Noticed a spiny frog
  1031 | D        | Reached skill level 1 in Invocations
  1042 | D        | Killed a spiny frog
  1680 | D        | Noticed Psyche
  1691 | D        | Killed Psyche
  1956 | D        | Noticed an ettin
  1956 | D        | Noticed an orc sorcerer
  1970 | D        | Killed an orc sorcerer
  1973 | D        | HP: 1/103 [ettin/dire flail (28)]
  1976 | D        | Mangled by an ettin

Skill      XL: |  1  2  3  4  5  6  7  8  9 10 |
---------------+-------------------------------+-----
Armour         | 5 6 7 9 10 11 12 14 | 14.1
Fighting       | 5 6 7 9 10 11 12 14 | 14.2
Axes           | 4 5 6 7 9 10 11 12 13 | 13.9
Shields        | 5 6 7 9 11 12 13 | 13.6
Unarmed Combat | 2 3 4 5 8 9 11 12 | 12.0
Invocations    | 4 |  4.8

Action                   |  1- 3 |  4- 6 |  7- 9 | 10-12 || total
-------------------------+-------+-------+-------+-------++-------
Melee: War axe           |    21 |    32 |    42 |    77 ||   172
       Headbutt          |     2 |     5 |     5 |    22 ||    34
       Unarmed           |       |       |       |     7 ||     7
Invok: Stomp             |       |       |       |     1 ||     1
  Use: Potion            |       |     1 |     2 |     3 ||     6
 Stab: Paralysed         |       |       |     3 |     6 ||     9
  Eat: Bread ration      |       |       |       |     1 ||     1
       Chunk             |       |       |       |     1 ||     1
Armor: Scale mail        |     7 |     3 |       |       ||    10
       Plate armour      |       |    11 |     9 |    19 ||    39
Dodge: Dodged            |     4 |     9 |     9 |    18 ||    40
Block: Shield            |    13 |    17 |    20 |    33 ||    83
